[Event "EYCC Girls-U18 2019"]
[Site "Bratislava"]
[Date "2019.08.03"]
[Round "2.1"]
[White "Badelka, Olga"]
[Black "Grigorieva, Yulia"]
[Result "1-0"]
[ECO "D82"]
[WhiteElo "2386"]
[BlackElo "2096"]
[Annotator "NA"]
[PlyCount "69"]
[EventDate "2019.08.02"]
[EventType "swiss"]
[EventCountry "SVK"]
[SourceTitle "playchess.com"]
[Source "ChessBase"]
[SourceQuality "1"]
[TimeControl "40/5400+30:1800+30"]

1. d4 Nf6 2. c4 g6 3. Nc3 d5 4. Bf4 Bg7 5. e3 c5 6. dxc5 Qa5 7. Rc1 dxc4 8. Bxc4 Nc6 9. Nf3 O-O 10. O-O Qxc5 11. Nb5 Qh5 12. Nc7 e5 13. Nxa8 exf4 14. exf4 Bg4 15. Nc7 Bxf3 16. Qxf3 Qxf3 17. gxf3 Nd4 18. Rfd1 Nh5 19. Nb5 Nxf3+ 20. Kg2 Nh4+ 21. Kh1 Nf6 22. Nd6 Ng4 23. Rc2 h6 24. Nxf7 Kh7 25. Be6 Nf6 26. Rd8 Rxd8 27. Nxd8 b6 28. Bb3 Ne4 29. Ne6 a5 30. Rc7 Nxf2+ 31. Kg1 Nh3+ 32. Kf1 Nf5 33. Kg2 Kh8 34. Nxg7 Nxf4+ 35. Kf3 1-0

[Event "EYCC Girls-U18 2019"]
[Site "Bratislava"]
[Date "2019.08.03"]
[Round "2.2"]
[White "Palma, Maria"]
[Black "Afonasieva, Anna"]
[Result "0-1"]
[ECO "A59"]
[WhiteElo "2137"]
[BlackElo "2370"]
[Annotator "NA"]
[PlyCount "52"]
[EventDate "2019.08.02"]
[EventType "swiss"]
[EventCountry "SVK"]
[SourceTitle "playchess.com"]
[Source "ChessBase"]
[SourceQuality "1"]
[TimeControl "40/5400+30:1800+30"]

1. d4 Nf6 2. c4 c5 3. d5 b5 4. cxb5 a6 5. bxa6 Bxa6 6. Nc3 d6 7. e4 Bxf1 8. Kxf1 g6 9. g3 Bg7 10. Kg2 O-O 11. Nf3 Nbd7 12. a4 Qb6 13. Qc2 Rfb8 14. Ra3 Ng4 15. Nd2 Bd4 16. Nc4 Qb4 17. Nb5 Nde5 18. b3 Nxc4 19. Qxc4 Qxc4 20. bxc4 Ne5 21. Nxd4 cxd4 22. Rd1 Rb1 23. f4 Nxc4 24. Rad3 Rxa4 25. Rxd4 Ra2+ 26. Kh3 Rc2 0-1

[Event "EYCC Girls-U18 2019"]
[Site "Bratislava"]
[Date "2019.08.03"]
[Round "2.3"]
[White "Goltseva, Ekaterina"]
[Black "Ferkova, Dominika"]
[Result "1/2-1/2"]
[ECO "D43"]
[WhiteElo "2304"]
[BlackElo "2009"]
[Annotator "NA"]
[PlyCount "100"]
[EventDate "2019.08.02"]
[EventType "swiss"]
[EventCountry "SVK"]
[SourceTitle "playchess.com"]
[Source "ChessBase"]
[SourceQuality "1"]
[TimeControl "40/5400+30:1800+30"]

1. d4 d5 2. c4 c6 3. Nf3 Nf6 4. Nc3 e6 5. g3 Nbd7 6. Bg2 Bd6 7. O-O O-O 8. Nd2 dxc4 9. Nxc4 Bc7 10. f4 Nb6 11. Ne5 Qe7 12. Qc2 a6 13. Be3 Nfd5 14. Bf2 f6 15. Nd3 Kh8 16. Ne4 Nd7 17. Nec5 N5b6 18. e4 Nxc5 19. Nxc5 e5 20. Nd3 exd4 21. Bxd4 Nd7 22. Kh1 Re8 23. Rae1 Nb8 24. e5 f5 25. e6 Bd6 26. Bh3 Qf8 27. Qb3 c5 28. e7 Bxe7 29. Bxc5 Bxc5 30. Nxc5 b5 31. Bg2 Ra7 32. Qd5 Rae7 33. Rd1 h6 34. b4 Nd7 35. Qd6 Nxc5 36. bxc5 Qf7 37. a3 Re2 38. c6 Qa2 39. Qd5 Qxa3 40. Bf3 R2e7 41. Bh5 Be6 42. Qd4 Bf7 43. Bxf7 Rxf7 44. Ra1 Qe3 45. Qxe3 Rxe3 46. Rxa6 Rc3 47. Rb1 Rc5 48. Rb6 Rc7 49. R1xb5 R7xc6 50. Rxc6 Rxb5 1/2-1/2

[Event "EYCC Girls-U18 2019"]
[Site "Bratislava"]
[Date "2019.08.03"]
[Round "2.4"]
[White "Redondo Benavente, Ana"]
[Black "Beydullayeva, Govhar"]
[Result "1/2-1/2"]
[ECO "B23"]
[WhiteElo "2176"]
[BlackElo "2282"]
[Annotator "NA"]
[PlyCount "60"]
[EventDate "2019.08.02"]
[EventType "swiss"]
[EventCountry "SVK"]
[SourceTitle "playchess.com"]
[Source "ChessBase"]
[SourceQuality "1"]
[TimeControl "40/5400+30:1800+30"]

1. e4 c5 2. Nc3 d6 3. Bb5+ Nd7 4. f4 a6 5. Bxd7+ Bxd7 6. Nf3 e6 7. O-O b5 8. d4 cxd4 9. Qxd4 Qc7 10. Be3 Ne7 11. Rad1 Nc6 12. Qd3 Be7 13. e5 d5 14. f5 b4 15. Ne2 Na5 16. fxe6 fxe6 17. Nf4 Nc4 18. Bd4 O-O 19. Nh3 Be8 20. Rf2 Bg6 21. Qe2 Bc5 22. Bxc5 Qxc5 23. b3 Ne3 24. Rd4 Rxf3 25. Rxf3 Nxc2 26. Rff4 Nxd4 27. Qg4 Nf3+ 28. Kf1 Nxh2+ 29. Ke2 Nxg4 30. Rxg4 Bh5 1/2-1/2

[Event "EYCC Girls-U18 2019"]
[Site "Bratislava"]
[Date "2019.08.03"]
[Round "2.5"]
[White "Antova, Gabriela"]
[Black "Moscicka, Pola"]
[Result "1-0"]
[ECO "E10"]
[WhiteElo "2257"]
[BlackElo "1870"]
[Annotator "NA"]
[PlyCount "67"]
[EventDate "2019.08.02"]
[EventType "swiss"]
[EventCountry "SVK"]
[SourceTitle "playchess.com"]
[Source "ChessBase"]
[SourceQuality "1"]
[TimeControl "40/5400+30:1800+30"]

1. d4 Nf6 2. c4 e6 3. Nf3 c5 4. d5 b5 5. Bg5 exd5 6. cxd5 h6 7. Bxf6 Qxf6 8. Qc2 Be7 9. e4 Qb6 10. a4 bxa4 11. Rxa4 Na6 12. Nbd2 Nb4 13. Qd1 O-O 14. Be2 d6 15. Nc4 Qc7 16. O-O Re8 17. Ra3 Bb7 18. Nfd2 f5 19. Na5 Kh8 20. Nxb7 Qxb7 21. exf5 Rad8 22. Bf3 Bf6 23. Nc4 Qb5 24. Qb3 Re7 25. Raa1 Qd7 26. Rfe1 Qxf5 27. Rxe7 Bxe7 28. Re1 Qf7 29. Re6 Re8 30. Qe3 Qf5 31. Nxd6 Qb1+ 32. Qe1 Qxb2 33. Nxe8 Nd3 34. Qf1 1-0

[Event "EYCC Girls-U18 2019"]
[Site "Bratislava"]
[Date "2019.08.03"]
[Round "2.6"]
[White "Ciocan, Maria-Alexandra"]
[Black "Gajcin, Marina"]
[Result "1-0"]
[ECO "A48"]
[WhiteElo "2062"]
[BlackElo "2267"]
[Annotator "NA"]
[PlyCount "87"]
[EventDate "2019.08.02"]
[EventType "swiss"]
[EventCountry "SVK"]
[SourceTitle "playchess.com"]
[Source "ChessBase"]
[SourceQuality "1"]
[TimeControl "40/5400+30:1800+30"]

1. d4 Nf6 2. Nf3 g6 3. Nc3 d5 4. Bf4 Bg7 5. e3 O-O 6. Be2 c6 7. h3 b5 8. a4 b4 9. Na2 a5 10. O-O Ba6 11. c3 bxc3 12. bxc3 Nbd7 13. Bxa6 Rxa6 14. Qd3 Rb6 15. Rfb1 c5 16. Rxb6 c4 17. Qc2 Qxb6 18. Rb1 Qc6 19. Rb5 Ra8 20. Nc1 Ne4 21. Ne2 f6 22. Nd2 Nxd2 23. Qxd2 Nb6 24. Qd1 Ra6 25. e4 Bf8 26. h4 e6 27. e5 f5 28. Bg5 Qd7 29. Qb1 Qc6 30. Qd1 Qd7 31. Nf4 Kf7 32. h5 Qc6 33. hxg6+ hxg6 34. Bd8 Nd7 35. g4 Bh6 36. Qf3 Ra8 37. gxf5 Bxf4 38. fxg6+ Kg7 39. Be7 Rh8 40. Qxf4 Kxg6 41. f3 Rg8 42. Rb2 Rg7 43. Rh2 Rg8 44. Qg5+ 1-0

[Event "EYCC Girls-U18 2019"]
[Site "Bratislava"]
[Date "2019.08.03"]
[Round "2.7"]
[White "Hryshchenko, Kamila"]
[Black "Sliwicka, Alicja"]
[Result "0-1"]
[ECO "B56"]
[WhiteElo "2060"]
[BlackElo "2261"]
[Annotator "NA"]
[PlyCount "120"]
[EventDate "2019.08.02"]
[EventType "swiss"]
[EventCountry "SVK"]
[SourceTitle "playchess.com"]
[Source "ChessBase"]
[SourceQuality "1"]
[TimeControl "40/5400+30:1800+30"]

1. e4 c5 2. Nf3 d6 3. d4 cxd4 4. Nxd4 Nf6 5. Nc3 Bd7 6. f3 e5 7. Nb3 Be7 8. Be3 O-O 9. g4 a5 10. g5 Nh5 11. Qd2 a4 12. Nc1 Na6 13. Nd5 Bc6 14. Ne2 Bxd5 15. exd5 f5 16. Nc3 Nc5 17. Rg1 g6 18. a3 Qa5 19. Be2 Rac8 20. Ne4 Qxd2+ 21. Nxd2 Rf7 22. Bb5 Bf8 23. O-O-O Rfc7 24. Kb1 Kh8 25. Nc4 b6 26. Bc6 Rb8 27. Bxc5 bxc5 28. Bxa4 Nf4 29. Rd2 h6 30. h4 hxg5 31. hxg5 Rh7 32. Bc6 Be7 33. Rg3 Bd8 34. a4 Rh4 35. Nxd6 Ba5 36. c3 Bxc3 37. Rc2 Nd3 38. Rg1 Nxb2 39. Nb7 Nxa4 40. Kc1 Rb4 41. Rh1+ Kg8 42. Rch2 e4 43. d6 R4xb7 44. Bxb7 Rxb7 45. Ra2 Nb6 46. fxe4 fxe4 47. Rh6 Kg7 48. Rah2 Rd7 49. Rh7+ Kg8 50. Rxd7 Nxd7 51. Re2 Be5 52. Rxe4 Kf7 53. Rh4 Bxd6 54. Rh7+ Ke6 55. Rg7 Ne5 56. Ra7 Be7 57. Kc2 Bxg5 58. Kc3 Be3 59. Rg7 g5 60. Rg8 g4 {[%emt 0:00:30] Kd4} 0-1

[Event "EYCC Girls-U18 2019"]
[Site "Bratislava"]
[Date "2019.08.03"]
[Round "2.8"]
[White "Schneider, Jana"]
[Black "Swiech, Joanna"]
[Result "1-0"]
[ECO "C55"]
[WhiteElo "2216"]
[BlackElo "1879"]
[Annotator "NA"]
[PlyCount "139"]
[EventDate "2019.08.02"]
[EventType "swiss"]
[EventCountry "SVK"]
[SourceTitle "playchess.com"]
[Source "ChessBase"]
[SourceQuality "1"]
[TimeControl "40/5400+30:1800+30"]

1. e4 e5 2. Nf3 Nc6 3. Bc4 Nf6 4. d3 Be7 5. O-O O-O 6. Re1 d6 7. a4 Na5 8. Ba2 c5 9. c3 Bg4 10. Na3 Nc6 11. Nc4 b6 12. Bg5 h6 13. Bd2 Re8 14. Ne3 Be6 15. b4 Bf8 16. b5 Na5 17. c4 Nb7 18. h3 g6 19. Nh2 Bg7 20. Qf3 Rf8 21. Bb3 Kh7 22. g4 a5 23. Kh1 Nd7 24. Rg1 Rb8 25. Rg3 Bf6 26. Nf5 Bg5 27. Bxg5 Qxg5 28. Qe2 Rg8 29. Rag1 Qd8 30. Qe3 Qg5 31. Qe2 Qd8 32. Bd1 Nf8 33. Qf3 f6 34. Qe3 g5 35. h4 Ng6 36. hxg5 fxg5 37. Rh3 Bxf5 38. gxf5 Nf4 39. Ng4 h5 40. Rh2 h4 41. Qf3 Qe7 42. Ne3 Qf6 43. Nd5 Nxd5 44. Qh5+ Qh6 45. cxd5 Rbf8 46. Rhg2 Rf6 47. Rxg5 Rxg5 48. Qxg5 Qxg5 49. Rxg5 Nd8 50. Kh2 Nf7 51. Rg4 Rh6 52. Kh3 Kh8 53. Rxh4 Kg7 54. Rxh6 Kxh6 55. Kg4 Kg7 56. Kh5 Kf6 57. Bf3 Ng5 58. Bg2 Nf7 59. f3 Kg7 60. Bh3 Kf6 61. Bg4 Kg7 62. Kh4 Kf6 63. Bh5 Nh6 64. Bg6 Ng8 65. Kh5 Ne7 66. Kh6 Ng8+ 67. Kh7 Ne7 68. Be8 Nc8 69. Bd7 Ne7 70. Be6 1-0

[Event "EYCC Girls-U18 2019"]
[Site "Bratislava"]
[Date "2019.08.03"]
[Round "2.9"]
[White "Cramling Bellon, Anna"]
[Black "Muetsch, Annmarie"]
[Result "1-0"]
[ECO "A45"]
[WhiteElo "2030"]
[BlackElo "2266"]
[Annotator "NA"]
[PlyCount "89"]
[EventDate "2019.08.02"]
[EventType "swiss"]
[EventCountry "SVK"]
[SourceTitle "playchess.com"]
[Source "ChessBase"]
[SourceQuality "1"]
[TimeControl "40/5400+30:1800+30"]

1. d4 Nf6 2. Bg5 d5 3. e3 c5 4. Bxf6 gxf6 5. Nc3 e6 6. dxc5 Nc6 7. Qh5 Bxc5 8. O-O-O Bb4 9. Nge2 Qe7 10. e4 Bxc3 11. Nxc3 d4 12. Nb5 e5 13. Bc4 Rf8 14. f4 a6 15. Na3 Be6 16. fxe5 fxe5 17. Bd5 Rg8 18. Bxc6+ bxc6 19. Qxe5 c5 20. g3 Qg5+ 21. Qf4 Qxf4+ 22. gxf4 Rg4 23. Rhg1 Kf8 24. f5 Rxg1 25. Rxg1 Bd7 26. Nc4 Bc6 27. e5 Re8 28. Re1 Ke7 29. Rg1 Bd5 30. Nd6 Rb8 31. Rg7 a5 32. f6+ Ke6 33. Nxf7 Bxa2 34. Ng5+ Kxe5 35. Nxh7 c4 36. f7 c3 37. b3 a4 38. f8=Q Rxf8 39. Nxf8 axb3 40. cxb3 d3 41. Rd7 Ke4 42. Ne6 Ke3 43. Nc5 d2+ 44. Kc2 Ke2 45. Kxc3 1-0

[Event "EYCC Girls-U18 2019"]
[Site "Bratislava"]
[Date "2019.08.03"]
[Round "2.10"]
[White "Sibajeva, Marija"]
[Black "Sargsyan, Anna M."]
[Result "1-0"]
[ECO "B11"]
[WhiteElo "2031"]
[BlackElo "2229"]
[Annotator "NA"]
[PlyCount "115"]
[EventDate "2019.08.02"]
[EventType "swiss"]
[EventCountry "SVK"]
[SourceTitle "playchess.com"]
[Source "ChessBase"]
[SourceQuality "1"]
[TimeControl "40/5400+30:1800+30"]

1. e4 c6 2. Nc3 d5 3. Nf3 Bg4 4. h3 Bxf3 5. Qxf3 Nf6 6. exd5 cxd5 7. Bb5+ Nc6 8. d4 e6 9. O-O Be7 10. Bf4 O-O 11. Ne2 Qb6 12. Bxc6 bxc6 13. Qb3 c5 14. dxc5 Qxc5 15. c3 Ne4 16. Be3 Qc7 17. Nd4 Rab8 18. Qc2 Bc5 19. Rac1 Qb7 20. b4 Bb6 21. Qd3 Rbc8 22. a4 Rfd8 23. f3 Nd6 24. Nb3 Nc4 25. Nc5 Qc6 26. Bf2 Bxc5 27. Bxc5 Nb2 28. Qe3 a5 29. Bd4 f6 30. b5 Qd6 31. f4 Re8 32. Rfe1 Nc4 33. Qg3 Kh8 34. Re2 Qd7 35. Rce1 Nd6 36. Qd3 Rc4 37. Ra1 Rec8 38. Qe3 Ne4 39. Ra3 Qd6 40. Rb3 e5 41. fxe5 fxe5 42. Ba7 Nxc3 43. Re1 d4 44. Qxe5 Qxe5 45. Rxe5 d3 46. Be3 h6 47. b6 Rb4 48. b7 Ne2+ 49. Kh2 Rb8 50. Rb5 Rxb5 51. Rxb5 Nc3 52. Rc5 Rxb7 53. Rxc3 Rb4 54. Ra3 Kg8 55. Bd2 Rd4 56. Kg3 Kf7 57. Kf3 Re4 58. Kxe4 1-0

[Event "EYCC Girls-U18 2019"]
[Site "Bratislava"]
[Date "2019.08.03"]
[Round "2.11"]
[White "Radeva, Viktoria"]
[Black "Grigoryan, Arpine"]
[Result "1/2-1/2"]
[ECO "C15"]
[WhiteElo "2247"]
[BlackElo "1996"]
[Annotator "NA"]
[PlyCount "125"]
[EventDate "2019.08.02"]
[EventType "swiss"]
[EventCountry "SVK"]
[SourceTitle "playchess.com"]
[Source "ChessBase"]
[SourceQuality "1"]
[TimeControl "40/5400+30:1800+30"]

1. e4 e6 2. d4 d5 3. Nc3 Bb4 4. exd5 exd5 5. Bd3 Nf6 6. Nge2 O-O 7. O-O h6 8. Bf4 Nc6 9. a3 Bd6 10. Qd2 Bxf4 11. Qxf4 Be6 12. Rfe1 Qd7 13. Ng3 Ne7 14. Nb5 Rfc8 15. Re2 a6 16. Nc3 Rf8 17. Rae1 Rae8 18. f3 b5 19. Nd1 a5 20. Qd2 a4 21. Ne3 c6 22. c3 Qc7 23. Nc2 Qd6 24. Nb4 Ng6 25. Bxg6 fxg6 26. Nd3 Nd7 27. Ne5 Nxe5 28. Rxe5 Bf7 29. Rxe8 Rxe8 30. Rxe8+ Bxe8 31. Qe3 Bf7 32. Ne2 g5 33. f4 gxf4 34. Nxf4 Bg6 35. Qe6+ Qxe6 36. Nxe6 Bf5 37. Nc5 Kf7 38. Kf2 Ke7 39. Kf3 Kd6 40. Kf4 Bc2 41. h4 g6 42. g3 Bb1 43. g4 Bc2 44. Nb7+ Kc7 45. Nc5 Kd6 46. g5 h5 47. Ke3 Bf5 48. b3 axb3 49. Nxb3 Bc2 50. Nc5 Bf5 51. Kd2 Kc7 52. Kc1 Bg4 53. Kc2 Kb6 54. Kb3 Ka5 55. Nd3 Bf5 56. Ne5 Kb6 57. Kb4 Bc2 58. Nd7+ Kc7 59. Nc5 Kb6 60. Ne6 Bf5 61. Nc5 Bc2 62. Nd7+ Kc7 63. Nc5 1/2-1/2

[Event "EYCC Girls-U18 2019"]
[Site "Bratislava"]
[Date "2019.08.03"]
[Round "2.12"]
[White "Kocyigit, Buse Naz"]
[Black "Urh, Zala"]
[Result "1/2-1/2"]
[ECO "C65"]
[WhiteElo "2045"]
[BlackElo "2072"]
[Annotator "NA"]
[PlyCount "112"]
[EventDate "2019.08.02"]
[EventType "swiss"]
[EventCountry "SVK"]
[SourceTitle "playchess.com"]
[Source "ChessBase"]
[SourceQuality "1"]
[TimeControl "40/5400+30:1800+30"]

1. e4 e5 2. Nf3 Nc6 3. Bb5 Nf6 4. d3 Bc5 5. O-O Nd4 6. Nxd4 Bxd4 7. c3 Bb6 8. Bg5 h6 9. Bh4 c6 10. Ba4 g5 11. Bg3 d6 12. Kh1 O-O 13. Bc2 Qe7 14. f3 Nh5 15. Bf2 Bxf2 16. Rxf2 f5 17. exf5 Bxf5 18. Na3 Nf4 19. Qd2 Rae8 20. Rff1 Qf6 21. Rae1 d5 22. d4 exd4 23. Bxf5 Qxf5 24. cxd4 Qd3 25. Rd1 Qxd2 26. Rxd2 Re6 27. g3 Ng6 28. Kg2 Rfe8 29. Nc2 Kg7 30. Rdd1 Ne7 31. Rde1 Nf5 32. Kf2 Kf6 33. Rxe6+ Rxe6 34. Re1 Rxe1 35. Kxe1 Ke6 36. b4 b6 37. Ke2 h5 38. g4 hxg4 39. fxg4 Nd6 40. Ne1 Ne4 41. a3 Kd6 42. Ke3 c5 43. dxc5+ bxc5 44. bxc5+ Nxc5 45. Nf3 Ne6 46. h4 gxh4 47. Nxh4 Kc5 48. Nf3 Kc4 49. g5 Kc3 50. g6 d4+ 51. Nxd4 Nxd4 52. Ke4 Ne6 53. Ke5 Ng7 54. Kf6 Nh5+ 55. Kg5 Ng7 56. Kf6 Nh5+ 1/2-1/2

[Event "EYCC Girls-U18 2019"]
[Site "Bratislava"]
[Date "2019.08.03"]
[Round "2.13"]
[White "Olde, Grete"]
[Black "Ziegenfuss, Antonia"]
[Result "1-0"]
[ECO "B25"]
[WhiteElo "1955"]
[BlackElo "2063"]
[Annotator "NA"]
[PlyCount "111"]
[EventDate "2019.08.02"]
[EventType "swiss"]
[EventCountry "SVK"]
[SourceTitle "playchess.com"]
[Source "ChessBase"]
[SourceQuality "1"]
[TimeControl "40/5400+30:1800+30"]

1. e4 c5 2. Nc3 Nc6 3. g3 g6 4. Bg2 Bg7 5. d3 d6 6. f4 e6 7. Nf3 Nge7 8. O-O O-O 9. Be3 b6 10. Bf2 Ba6 11. Re1 Qc7 12. d4 Rad8 13. a4 Rfe8 14. g4 f5 15. exf5 exf5 16. Ng5 Bc4 17. d5 Nd4 18. Bxd4 Bxd4+ 19. Kh1 Bxc3 20. Ne6 Qd7 21. bxc3 Rb8 22. gxf5 Nxf5 23. Be4 Qb7 24. Qd2 Ng7 25. f5 gxf5 26. Nxg7 Rxe4 27. Nxf5 Rxe1+ 28. Rxe1 Qxd5+ 29. Qxd5+ Bxd5+ 30. Kg1 Kh8 31. Nxd6 Rd8 32. Nf5 Rg8+ 33. Ng3 Bc6 34. a5 bxa5 35. Re5 a4 36. Rxc5 Rc8 37. Ra5 Rc7 38. Kf2 Rb7 39. Ke3 Kg8 40. Ne2 Re7+ 41. Kd2 Rg7 42. Ng3 Kf8 43. c4 Ke8 44. Ra6 Rc7 45. Nf5 Bd7 46. Ne3 Kd8 47. Kc3 Kc8 48. Nd5 Rb7 49. Nf6 Bf5 50. Ne8 Bd7 51. Nd6+ Kc7 52. Nxb7 Kxb7 53. Rf6 Be8 54. Kb4 Bg6 55. c3 Bc2 56. Rf2 1-0

[Event "EYCC Girls-U18 2019"]
[Site "Bratislava"]
[Date "2019.08.03"]
[Round "2.14"]
[White "Kochukova, Anna"]
[Black "Mocanu, Valeria"]
[Result "1/2-1/2"]
[ECO "C77"]
[WhiteElo "2148"]
[BlackElo "1769"]
[Annotator "NA"]
[PlyCount "138"]
[EventDate "2019.08.02"]
[EventType "swiss"]
[EventCountry "SVK"]
[SourceTitle "playchess.com"]
[Source "ChessBase"]
[SourceQuality "1"]
[TimeControl "40/5400+30:1800+30"]

1. e4 e5 2. Nf3 Nc6 3. Bb5 a6 4. Ba4 Nf6 5. d3 d6 6. c3 g6 7. O-O Bg7 8. Nbd2 O-O 9. Re1 b5 10. Bc2 Bb7 11. a4 b4 12. a5 Rb8 13. d4 bxc3 14. bxc3 exd4 15. cxd4 Nb4 16. Bb1 c5 17. Bb2 Nh5 18. Nf1 Nf4 19. Qd2 Ne6 20. Bc3 Ba8 21. Ne3 Nc7 22. dxc5 dxc5 23. Qc1 Bxc3 24. Qxc3 Ne6 25. Ng4 f6 26. e5 Nd5 27. Qc1 f5 28. Ne3 Nxe3 29. Qxe3 Kg7 30. Ba2 f4 31. Qc3 Nd4 32. e6 Qf6 33. Nxd4 Qxd4 34. Qxd4+ cxd4 35. Bc4 Rfe8 36. Rad1 Rbd8 37. Bxa6 Rd5 38. Bc4 Rd6 39. f3 Kf6 40. Rd2 Bb7 41. Kf2 g5 42. Rb1 Ba6 43. Ba2 Rc8 44. Rb6 Rxb6 45. axb6 d3 46. Bd5 Rc2 47. Ke1 Rc1+ 48. Rd1 Rc2 49. Ra1 Bc8 50. b7 Bxb7 51. Bxb7 Rxg2 52. Ra6 Rxh2 53. Bd5 Re2+ 54. Kd1 Re5 55. Bc4 Rc5 56. Bxd3 h5 57. Bb1 g4 58. fxg4 hxg4 59. Ba2 Rc7 60. Ra8 Ke7 61. Rg8 g3 62. Rg7+ Kd6 63. Rxc7 Kxc7 64. Ke2 g2 65. Kf2 f3 66. Bb3 Kd6 67. Kg1 Ke7 68. Bd5 Kd6 69. Kf2 Ke7 1/2-1/2

[Event "EYCC Girls-U18 2019"]
[Site "Bratislava"]
[Date "2019.08.03"]
[Round "2.15"]
[White "Tonso, Liina"]
[Black "Nilssen, Ellen Fredericia"]
[Result "0-1"]
[ECO "D85"]
[WhiteElo "1791"]
[BlackElo "2155"]
[Annotator "NA"]
[PlyCount "56"]
[EventDate "2019.08.02"]
[EventType "swiss"]
[EventCountry "SVK"]
[SourceTitle "playchess.com"]
[Source "ChessBase"]
[SourceQuality "1"]
[TimeControl "40/5400+30:1800+30"]

1. d4 Nf6 2. c4 g6 3. Nc3 d5 4. cxd5 Nxd5 5. Bd2 Bg7 6. e4 Nxc3 7. Bxc3 O-O 8. Qd2 Nd7 9. Nf3 c5 10. d5 Nf6 11. Bd3 a6 12. a4 Bd7 13. a5 Bb5 14. O-O e6 15. Bxf6 Bxf6 16. e5 Bg7 17. d6 Bc6 18. Qe3 Bxf3 19. gxf3 Qh4 20. b3 Bh6 21. Qxc5 Bf4 22. Rfe1 Qh3 23. Qc2 Bxh2+ 24. Kh1 Bxe5+ 25. Kg1 Bh2+ 26. Kh1 Bxd6+ 27. Kg1 Bh2+ 28. Kh1 Be5+ 0-1

[Event "EYCC Girls-U18 2019"]
[Site "Bratislava"]
[Date "2019.08.03"]
[Round "2.16"]
[White "Maksimovic, Masa"]
[Black "Kralova, Gabriela"]
[Result "1-0"]
[ECO "C64"]
[WhiteElo "2102"]
[BlackElo "1626"]
[Annotator "NA"]
[PlyCount "89"]
[EventDate "2019.08.02"]
[EventType "swiss"]
[EventCountry "SVK"]
[SourceTitle "playchess.com"]
[Source "ChessBase"]
[SourceQuality "1"]
[TimeControl "40/5400+30:1800+30"]

1. e4 e5 2. Nf3 Nc6 3. Bb5 Bc5 4. O-O Qf6 5. c3 Nge7 6. d3 h6 7. Re1 O-O 8. Nbd2 a6 9. Bxc6 Nxc6 10. Nf1 Qg6 11. d4 exd4 12. cxd4 Bb4 13. Bd2 Bxd2 14. Qxd2 d6 15. d5 Ne5 16. Nxe5 dxe5 17. Qc3 Qd6 18. Rac1 Re8 19. Qxc7 Rd8 20. Ne3 b5 21. Rc6 Qxc7 22. Rxc7 Rd6 23. Rec1 Bd7 24. f3 h5 25. Kf2 g6 26. R1c5 f5 27. Ke2 fxe4 28. fxe4 Rf8 29. g3 h4 30. b4 Rf7 31. Rc1 hxg3 32. hxg3 Rh7 33. R7c2 Rh2+ 34. Kd3 Rh3 35. Rg2 Rf6 36. Ke2 Rh7 37. Rf2 Rd6 38. Rcf1 Rh3 39. Rf8+ Kg7 40. R1f7+ Kh6 41. Rh8+ Kg5 42. Rxd7 Rxh8 43. Rxd6 Rh2+ 44. Kf3 Rxa2 45. Re6 1-0

[Event "EYCC Girls-U18 2019"]
[Site "Bratislava"]
[Date "2019.08.03"]
[Round "2.17"]
[White "Nazarova, Anastasia"]
[Black "Petrova, Vita"]
[Result "1-0"]
[ECO "B78"]
[WhiteElo "2149"]
[BlackElo "1443"]
[Annotator "NA"]
[PlyCount "55"]
[EventDate "2019.08.02"]
[EventType "swiss"]
[EventCountry "SVK"]
[SourceTitle "playchess.com"]
[Source "ChessBase"]
[SourceQuality "1"]
[TimeControl "40/5400+30:1800+30"]

1. e4 c5 2. Nf3 d6 3. d4 cxd4 4. Nxd4 Nf6 5. Nc3 g6 6. Be3 Bg7 7. f3 O-O 8. Bc4 Nc6 9. Qd2 Bd7 10. O-O-O Rc8 11. Bb3 Nxd4 12. Bxd4 b5 13. g4 a5 14. a3 b4 15. axb4 axb4 16. Nd5 Nxd5 17. Bxg7 Kxg7 18. exd5 Qc7 19. Qd4+ Kg8 20. h4 Ra8 21. h5 Ba4 22. Bc4 Rac8 23. b3 Bb5 24. hxg6 fxg6 25. Rxh7 e5 26. Rxc7 exd4 27. Rxc8 Rxc8 28. Bxb5 1-0

[Event "EYCC Girls-U18 2019"]
[Site "Bratislava"]
[Date "2019.08.03"]
[Round "2.18"]
[White "Karatiken, Seray"]
[Black "Kucharska, Honorata"]
[Result "0-1"]
[ECO "E67"]
[WhiteElo "1764"]
[BlackElo "2054"]
[Annotator "NA"]
[PlyCount "76"]
[EventDate "2019.08.02"]
[EventType "swiss"]
[EventCountry "SVK"]
[SourceTitle "playchess.com"]
[Source "ChessBase"]
[SourceQuality "1"]
[TimeControl "40/5400+30:1800+30"]

1. d4 Nf6 2. c4 g6 3. Nc3 Bg7 4. Nf3 O-O 5. g3 d6 6. Bg2 Nbd7 7. O-O e5 8. h3 c6 9. e4 Qc7 10. Be3 Re8 11. Qc2 a6 12. a4 Rb8 13. a5 exd4 14. Nxd4 Ne5 15. Nce2 c5 16. Nb3 b5 17. cxb5 Rxb5 18. f4 Nc6 19. Nc3 Rb8 20. Rfd1 Be6 21. Nd2 Nb4 22. Qb1 d5 23. Bf2 d4 24. Nd5 Nfxd5 25. exd5 Bxd5 26. Bxd5 Nxd5 27. Re1 Ne3 28. Bxe3 dxe3 29. Nc4 Bd4 30. Re2 Qc6 31. Qf1 Rb4 32. Rc1 Qe6 33. Nb6 Rxb2 34. Kh2 Rb5 35. Nc4 Rb4 36. Ne5 Bxe5 37. Rxe3 Rb2+ 38. Kh1 Qc6+ 0-1

[Event "EYCC Girls-U18 2019"]
[Site "Bratislava"]
[Date "2019.08.03"]
[Round "2.19"]
[White "Cabanova, Kristina"]
[Black "Koubova, Anna Marie"]
[Result "0-1"]
[ECO "A05"]
[WhiteElo "1728"]
[BlackElo "2094"]
[Annotator "NA"]
[PlyCount "74"]
[EventDate "2019.08.02"]
[EventType "swiss"]
[EventCountry "SVK"]
[SourceTitle "playchess.com"]
[Source "ChessBase"]
[SourceQuality "1"]
[TimeControl "40/5400+30:1800+30"]

1. Nf3 Nf6 2. g3 g6 3. b3 Bg7 4. Bb2 d5 5. Bg2 c5 6. d4 O-O 7. O-O Nc6 8. e3 Re8 9. Qc1 Bf5 10. c4 cxd4 11. Nxd4 Nxd4 12. Bxd4 e5 13. Bb2 dxc4 14. Rd1 Qc8 15. Qxc4 Qxc4 16. bxc4 Be4 17. Bxe4 Nxe4 18. Nd2 Nc5 19. Rab1 b6 20. Nf3 e4 21. Nd2 Rac8 22. Bxg7 Kxg7 23. Kf1 f5 24. Ke2 Red8 25. Nb3 Nd3 26. Nd4 Rd7 27. Rxd3 exd3+ 28. Kxd3 Kf6 29. Rc1 Rc5 30. Kc3 Rdc7 31. Kb3 b5 32. Kb4 a6 33. Rc3 Rxc4+ 34. Rxc4 Rxc4+ 35. Kb3 Rc1 36. h4 Rf1 37. f3 Rg1 0-1

[Event "EYCC Girls-U18 2019"]
[Site "Bratislava"]
[Date "2019.08.03"]
[Round "2.20"]
[White "Represa Perez, Mireya"]
[Black "Kostecka, Marika"]
[Result "1/2-1/2"]
[ECO "B53"]
[WhiteElo "2017"]
[BlackElo "1924"]
[Annotator "NA"]
[PlyCount "102"]
[EventDate "2019.08.02"]
[EventType "swiss"]
[EventCountry "SVK"]
[SourceTitle "playchess.com"]
[Source "ChessBase"]
[SourceQuality "1"]
[TimeControl "40/5400+30:1800+30"]

1. e4 c5 2. Nf3 d6 3. d4 cxd4 4. Qxd4 Nc6 5. Bb5 Bd7 6. Bxc6 Bxc6 7. c4 f5 8. exf5 Bxf3 9. gxf3 Qa5+ 10. Nc3 Qxf5 11. Ke2 Nf6 12. Ne4 Nd7 13. Ng3 Qf7 14. Qd5 Qxd5 15. cxd5 g6 16. Be3 Nb6 17. Rhd1 Bg7 18. Rac1 Kd7 19. b3 Rac8 20. Bxb6 axb6 21. a4 Bh6 22. Rxc8 Rxc8 23. Ne4 Rf8 24. Rd4 Rf5 25. Ng3 Rf4 26. Rxf4 Bxf4 27. Kd3 e6 28. Kc4 Be5 29. h3 Ke7 30. Ne4 h5 31. Ng5 exd5+ 32. Kxd5 Kf6 33. Ne4+ Ke7 34. Nd2 Kf6 35. Nc4 Kg5 36. Nxd6 Bxd6 37. Kxd6 Kh4 38. Kc7 Kxh3 39. Kxb7 Kg2 40. Kxb6 h4 41. a5 h3 42. a6 h2 43. a7 h1=Q 44. a8=Q Kxf2 45. b4 Qxf3 46. Qxf3+ Kxf3 47. Kc6 g5 48. b5 g4 49. b6 g3 50. b7 g2 51. b8=Q g1=Q 1/2-1/2